 Dungeon Crawl Stone Soup version 0.31.0-9-g3a7656b989 (webtiles) character file.

Game seed: 11284662480058522313

2919 qw the Markself (level 9, 0/51 HPs)
             Began as a Deep Elf Hunter on Feb 2, 2024.
             Was a Priest of Okawaru.
             Slain by a gnoll sergeant
             ... wielding a +3 spear of distortion
              (14 damage)
             ... on level 7 of the Dungeon.
             The game lasted 00:00:26 (5070 turns).

qw the Markself (Deep Elf Hunter)                   Turns: 5070, Time: 00:00:27

Health: 0/51       AC:  9    Str: 12    XL:     9   Next: 50%
Magic:  14/14      EV: 13    Int: 15    God:    Okawaru [***...]
Gold:   329        SH:  0    Dex: 18    Spells: 8/8 levels left

rFire   . . .        c - +5 longbow of Jooqy {flame, Stlth+}
rCold   . . .        (shield currently unavailable)
rNeg    . . .        k - +0 ring mail
rPois   .            i - +1 hat
rElec   .            (no cloak)
rCorr   .            l - +2 pair of gloves
SInv    +            (no boots)
Will    .....        g - amulet of faith
Stlth   ++           a - ring of see invisible
HPRegen 0.28/turn    (no ring)
MPRegen 0.14/turn

%: faith
@: no status effects
A: no striking features
a: Renounce Religion, Heroism


You were on level 7 of the Dungeon.
You worshipped Okawaru.
Okawaru was most pleased with you.
You visited 2 branches of the dungeon, and saw 8 of its levels.

You collected 329 gold pieces.


   Skills:
 + Level 3.5 Fighting
 - Level 15.2 Ranged Weapons
 - Level 1.2 Armour
 - Level 5.1 Dodging
 - Level 1.2 Stealth
 - Level 4.1 Invocations


You had 8 spell levels left.
You didn't know any spells.
Your spell library was empty.

Inventory:

Hand Weapons
 c - the +5 longbow of Jooqy (weapon) {flame, Stlth+}
   (You acquired it on level 1 of the Dungeon)

   Stlth+:    It makes you more stealthy.
Armour
 i - a +1 hat (worn)
 k - a +0 ring mail (worn)
 l - a +2 pair of gloves (worn)
Jewellery
 a - a ring of see invisible (left hand)
 g - an amulet of faith (around neck)
Wands
 f - a wand of paralysis (7)
Scrolls
 b - a scroll of enchant weapon
 j - a scroll of teleportation
 o - a scroll of torment {unknown}
Potions
 d - 2 potions of mutation
 e - a potion of curing
 h - 3 potions of might
 m - a potion of attraction {unknown}
 n - a potion of lignification {unknown}

Dungeon Overview and Level Annotations

Branches:
Dungeon (7/15)             Temple (1/1) D:5

Altars:
Ashenzari
Cheibriados
Dithmenos
Elyvilon
Fedhas
Gozag
Hepliaklqana
Kikubaaqudgha
Makhleb
Nemelex Xobeh
Okawaru
Qazlal
Ru
Sif Muna
Uskayaw
Vehumet
Wu Jian
Xom
Yredelemnul
Zin
The Shining One

Shops:
D:1 (

Annotations:
D:5 exclusion: moth of wrath


Message History

Okawaru accepts your kill.
A gnoll comes into view. It is wielding a +0 club.
You shoot an arrow. The arrow closely misses the gnoll.
The gnoll shouts!
A gnoll sergeant comes into view.
It is wielding a +3 spear of distortion.
You shoot an arrow. The arrow barely misses the sky beast.
The gnoll sergeant shouts!
You hear a shout!
A gnoll comes into view. It is wielding a +0 spear.
5062 ||| RETREEEEATING.
You shoot an arrow. The arrow barely misses the sky beast.
You shoot an arrow. The arrow hits the sky beast.
The arrow burns the sky beast.
The sky beast is almost dead.
You shoot an arrow. The arrow hits the sky beast!!
The arrow burns the sky beast.
You kill the sky beast!
Okawaru accepts your kill.
You shoot an arrow.
The arrow hits the gnoll but does no damage.
The gnoll hits you with a +0 club.
You shoot an arrow. The arrow barely misses the gnoll.
The arrow hits the gnoll sergeant but does no damage.
The gnoll hits you with a +0 club.
The gnoll sergeant hits you from afar with a +3 spear of distortion!
Space warps around you.
You shoot an arrow. The arrow hits the gnoll.
The arrow burns the gnoll.
The gnoll is moderately wounded.
The gnoll hits you but does no damage.
The gnoll sergeant hits you from afar with a +3 spear of distortion!
You blink.
Found a potion of brilliance.
The gnoll hits you from afar with a +0 spear.
You shoot an arrow. The arrow hits the gnoll!!
The arrow burns the gnoll.
You kill the gnoll!
Okawaru accepts your kill.
You shoot an arrow. The arrow hits the gnoll sergeant!
The arrow burns the gnoll sergeant.
The gnoll sergeant is severely wounded.
The gnoll sergeant hits you from afar with a +3 spear of distortion.
Space warps horribly around you!
You die...

#######+# #######+##
#........
.........#.###........
.........+...'........
.........#####........
.........)g%.'..(.....
.......@.g####........
.....)....# .........
......................
....).!.....##########
.......!..###
..........#
#########.# .#


You could see a gnoll sergeant and a gnoll.

Vanquished Creatures
  A cyclops (D:6)
  Grinder (D:6)
  Prince Ribbit (D:7)
  A steam dragon (D:7)
  2 ice beasts
  A sky beast (D:7)
  A black bear (D:5)
  An ogre (D:6)
  3 centaurs
  A bullfrog (D:6)
  A scorpion (D:7)
  5 wights (D:5)
  3 iron imps (D:4)
  An orc priest (D:5)
  5 hounds
  4 jellies
  2 gnoll boudas (D:5)
  A sleepcap (D:6)
  Ijyb (D:3)
  Terence (D:3)
  2 iguanas
  2 orc wizards
  10 gnolls
  8 adders
  A shadow imp (D:5)
  A white imp (D:7)
  A dart slug (D:2)
  2 ribbon worms
  23 orcs
  6 ball pythons
  5 endoplasms
  5 giant cockroaches
  9 goblins
  6 hobgoblins
  6 quokkas
  7 bats
  2 frilled lizards
  6 kobolds
  26 rats
165 creatures vanquished.

Notes
Turn   | Place    | Note
-------+----------+-------------------------------------------
     0 | D:1      | qw the Deep Elf Hunter began the quest for the Orb.
     0 | D:1      | Reached XP level 1. HP: 12/12 MP: 3/3
     0 | D:1      | 0 ||| qw: Version: 0.3-a-155-g5e7d8dd
     0 | D:1      | 0 ||| qw: Game counter: 1791
     0 | D:1      | 0 ||| qw: Melee chars always use a shield: true
     0 | D:1      | 0 ||| qw: God list: Okawaru
     0 | D:1      | 0 ||| qw: Allow faded altars: false
     0 | D:1      | 0 ||| qw: Do Orc after clearing Dungeon:15 true
     0 | D:1      | 0 ||| qw: Do second Lair branch before Depths: true
     0 | D:1      | 0 ||| qw: Lair rune preference: random
     0 | D:1      | 0 ||| qw: Goals: Normal
     0 | D:1      | 0 ||| PLANNING D:1-11
   235 | D:1      | Reached skill level 6 in Ranged Weapons
   235 | D:1      | Reached XP level 2. HP: 16/16 MP: 4/4
   566 | D:1      | Found Liatofrorph's Weapon Shoppe.
   629 | D:1      | 629 ||| UPGRADING to +0 ring mail.
   639 | D:1      | 639 ||| DROPPING +0 leather armour.
   640 | D:1      | 640 ||| UPGRADING to +0 pair of gloves.
   645 | D:1      | 645 ||| UPGRADING to amulet of faith.
   650 | D:1      | 650 ||| READING scroll labelled OSCHIY VUROTATZ.
   650 | D:1      | Identified a scroll of acquirement
   650 | D:1      | 650 ||| ACQUIRING +5 longbow of Jooqy {flame, Stlth+}
   650 | D:1      | Acquired the +5 longbow of Jooqy {flame, Stlth+}
   652 | D:1      | 652 ||| SWAPPING to +5 longbow of Jooqy {flame, Stlth+}.
   653 | D:1      | 653 ||| DROPPING +0 shortbow.
   654 | D:1      | 654 ||| READING 4 scrolls labelled ZEFOLIBU KEXT.
   654 | D:1      | 654 ||| IDENTIFYING fuming sapphire potion
   655 | D:1      | 655 ||| READING 3 scrolls of identify.
   655 | D:1      | 655 ||| IDENTIFYING ruby potion
   656 | D:1      | 656 ||| READING 2 scrolls of identify.
   656 | D:1      | 656 ||| IDENTIFYING green potion
   657 | D:1      | 657 ||| READING scroll of identify.
   657 | D:1      | 657 ||| IDENTIFYING scroll labelled ZAT QAEMIFOLIBROT
   658 | D:1      | 658 ||| DROPPING scroll of butterflies.
   659 | D:1      | 659 ||| DROPPING scroll of noise.
   660 | D:1      | 660 ||| DROPPING potion of brilliance.
   695 | D:2      | Reached XP level 3. HP: 20/20 MP: 5/5
   740 | D:2      | Found a radiant altar of Vehumet.
   758 | D:2      | Reached skill level 7 in Ranged Weapons
  1239 | D:2      | 1239 ||| READING scroll labelled ORUMIA ERCHAUD.
  1240 | D:2      | 1240 ||| READING scroll labelled WEMOSO TOXKI.
  1242 | D:2      | 1242 ||| Stepping ~*~*~tactically~*~*~ (cloud).
  1249 | D:2      | HP: 5/20 [poisoned by you (poison gas)]
  1373 | D:3      | Noticed Terence
  1379 | D:3      | Killed Terence
  1380 | D:3      | Reached XP level 4. HP: 25/25 MP: 6/6
  1406 | D:3      | 1406 ||| FLEEEEING.
  1407 | D:3      | 1407 ||| FLEEEEING.
  1424 | D:3      | 1424 ||| STAIRDANCE
  1453 | D:3      | 1453 ||| STAIRDANCE
  1477 | D:3      | Identified the orb "Iduxy" {*Rage, rN+ Str+5 SInv}
  1586 | D:3      | Reached skill level 8 in Ranged Weapons
  1653 | D:3      | Reached XP level 5. HP: 29/29 MP: 7/7
  1912 | D:3      | Noticed Ijyb
  1916 | D:3      | Killed Ijyb
  1928 | D:3      | 1928 ||| FLEEEEING.
  1933 | D:3      | 1933 ||| FLEEEEING.
  1934 | D:3      | 1934 ||| FLEEEEING.
  1935 | D:3      | 1935 ||| FLEEEEING.
  2050 | D:3      | Found a stormy altar of Qazlal.
  2280 | D:3      | 2280 ||| READING 4 scrolls of identify.
  2280 | D:3      | 2280 ||| IDENTIFYING 2 bubbling green potions
  2281 | D:3      | 2281 ||| READING 3 scrolls of identify.
  2281 | D:3      | 2281 ||| IDENTIFYING scroll labelled VAOKEO IJOC
  2282 | D:3      | 2282 ||| READING 2 scrolls of identify.
  2282 | D:3      | 2282 ||| IDENTIFYING scroll labelled CAFFEKH ZOWK
  2283 | D:3      | 2283 ||| READING scroll of identify.
  2283 | D:3      | 2283 ||| IDENTIFYING scroll labelled EXZEYGH BOKKE
  2284 | D:3      | 2284 ||| DROPPING scroll of fog.
  2285 | D:3      | 2285 ||| DROPPING scroll of blinking.
  2286 | D:3      | 2286 ||| DROPPING 2 potions of ambrosia.
  2319 | D:4      | 2319 ||| PLANNING SEWER
  2335 | D:4      | Reached skill level 9 in Ranged Weapons
  2467 | D:4      | Found a shimmering altar of Xom.
  2476 | D:4      | Found a broken altar of Ashenzari.
  2567 | D:4      | Reached XP level 6. HP: 35/35 MP: 8/8
  2568 | D:4      | Found a burning altar of Makhleb.
  2787 | D:4      | Reached skill level 10 in Ranged Weapons
  2961 | D:4      | 2961 ||| RIP SEWER
  2967 | D:4      | 2967 ||| PLANNING D:1-11
  2978 | D:4      | 2978 ||| UPGRADING to +1 hat.
  2983 | D:4      | 2983 ||| READING scroll of identify.
  2983 | D:4      | 2983 ||| IDENTIFYING white potion
  3021 | D:5      | Entered Level 5 of the Dungeon
  3103 | D:5      | Found a white marble altar of Elyvilon.
  3107 | D:5      | Reached skill level 3 in Dodging
  3112 | D:5      | Reached skill level 1 in Armour
  3152 | D:5      | Reached XP level 7. HP: 31/40 MP: 9/9
  3218 | D:5      | Found a radiant altar of Vehumet.
  3271 | D:5      | Reached skill level 11 in Ranged Weapons
  3280 | D:5      | 3280 ||| FLEEEEING.
  3282 | D:5      | Reached skill level 12 in Ranged Weapons
  3343 | D:5      | Reached XP level 8. HP: 45/45 MP: 10/10
  3360 | D:5      | Reached skill level 3 in Fighting
  3463 | D:5      | Found a staircase to the Ecumenical Temple.
  3464 | D:5      | 3464 ||| PLANNING TEMPLE
  3464 | D:5      | 3464 ||| UPGRADING to ring of see invisible.
  3465 | D:5      | 3465 ||| READING scroll labelled JAISHY TITHRUB.
  3466 | D:5      | 3466 ||| READING scroll labelled HOLUKK CEQAXE.
  3474 | Temple   | Entered the Ecumenical Temple
  3475 | Temple   | 3475 ||| PLANNING OKAWARU WORSHIP
  3488 | Temple   | Became a worshipper of Warmaster Okawaru
  3489 | Temple   | 3489 ||| PLANNING D:1-11
  3536 | D:5      | Noticed a moth of wrath
  3744 | D:5      | Identified the +2 robe of Wu Jian's Benevolence {Str-2
                  | Int+8}
  3978 | D:5      | 3978 ||| DROPPING +2 robe of Wu Jian's Benevolence {Str-2
                  | Int+8}.
  4052 | D:6      | Found a blossoming altar of Fedhas.
  4053 | D:6      | Found an ancient bone altar of Kikubaaqudgha.
  4071 | D:6      | Reached skill level 13 in Ranged Weapons
  4086 | D:6      | Found a hazy altar of Hepliaklqana.
  4087 | D:6      | Reached * piety under Okawaru
  4112 | D:6      | Reached skill level 1 in Invocations
  4174 | D:6      | Noticed Grinder
  4175 | D:6      | 4175 ||| INVOKING Heroism.
  4177 | D:6      | Killed Grinder
  4280 | D:6      | Noticed a cyclops
  4281 | D:6      | 4281 ||| INVOKING Heroism.
  4284 | D:6      | Killed a cyclops
  4285 | D:6      | Reached skill level 14 in Ranged Weapons
  4285 | D:6      | Reached XP level 9. HP: 50/50 MP: 10/14
  4306 | D:6      | Reached ** piety under Okawaru
  4348 | D:6      | Found a sparkling altar of Nemelex Xobeh.
  4705 | D:6      | 4705 ||| DROPPING ring of wizardry.
  4706 | D:6      | 4706 ||| READING 2 scrolls labelled PIESUN CUYCIR.
  4706 | D:6      | 4706 ||| ENCHANTING +0 pair of gloves.
  4707 | D:6      | 4707 ||| READING scroll of enchant armour.
  4707 | D:6      | 4707 ||| ENCHANTING +1 pair of gloves.
  4821 | D:7      | Noticed Prince Ribbit
  4832 | D:7      | HP: 8/50 [orc priest/divine providence (9)]
  4833 | D:7      | 4833 ||| READING 3 scrolls of teleportation.
  4834 | D:7      | Killed Prince Ribbit
  4887 | D:7      | Reached skill level 15 in Ranged Weapons
  4887 | D:7      | 4887 ||| Stepping ~*~*~tactically~*~*~ (cloud).
  4889 | D:7      | HP: 5/50 [orc priest/divine providence (12)]
  4891 | D:7      | 4891 ||| READING 2 scrolls of teleportation.
  5062 | D:7      | 5062 ||| RETREEEEATING.
  5065 | D:7      | Reached *** piety under Okawaru
  5070 | D:7      | Slain by a gnoll sergeant

Levels and vault maps discovered:
D:1:      lemuel_arrival_river_bridge, layout_loops_ring, serial_shops,
          shop_fountains, minmay_crystal_room, st_stairs_12
D:2:      layout_loops_ring, basic_altar
D:3:      minmay_razor_zed, layout_loops_ring, lemuel_doored_altar,
          minmay_rat_hole, uniq_terence, uniq_ijyb
D:4:      layout_basic, demons_altar, mainiacjoe_overflow_swirl,
          portal_sewer_entry_b
D:5:      nicolae_cairo_tiling_large, layout_basic, vehumet_crystals,
          elyvilon_altar_3, tgw_trog
D:6:      layout_basic, nicolae_hepliaklqana_hazy_memory,
          nemelex_spade_bored_becter, grunt_temple_overflow_growth_and_decay,
          uniq_grinder
D:7:      layout_basic, ebering_ghost_disaster_area, uniq_prince_ribbit1
Temple:   chequers_temple_sunken

Skill      XL: |  1  2  3  4  5  6  7  8  9 |
---------------+----------------------------+-----
Ranged Weapons | 6 7 8 9 10 12 14 15 | 15.2
Fighting       | 2 3 |  3.5
Dodging        | 3 4 5 |  5.1
Armour         | 1 |  1.2
Invocations    | 4 |  4.1
Stealth        | |  1.2

Action                     |  1- 3 |  4- 6 |  7- 9 || total
---------------------------+-------+-------+-------++-------
   Fire: Shortbow          |    39 |       |       ||    39
         Longbow           |    36 |   131 |   134 ||   301
 Invoke: Heroism           |       |       |     2 ||     2
    Use: Scroll            |     7 |     5 |     6 ||    18
 Armour: Leather armour    |     6 |       |       ||     6
         Ring mail         |     6 |    51 |    32 ||    89
  Dodge: Dodged            |     9 |    44 |    30 ||    83

Table legend:
 A = Non-vault XP
 B = Vault XP
 C = Vault XP percentage of total XP
 D = Non-vault monster count
 E = Vault monster count
 F = Vault count percentage of total count
                 A         B        C        D         E       F
            +---------+---------+-------+---------+---------+-------
      Total |    3305 |     866 |  20.8 |     123 |      42 |  25.5
            +---------+---------+-------+---------+---------+-------
        D:1 |      24 |       1 |   4.0 |      15 |       1 |   6.2
        D:2 |      59 |       1 |   1.7 |      20 |       1 |   4.8
        D:3 |      21 |     165 |  88.7 |      10 |      32 |  76.2
        D:4 |     170 |     127 |  42.8 |      16 |       6 |  27.3
        D:5 |    1051 |       0 |   0.0 |      27 |       0 |   0.0
        D:6 |    1355 |     286 |  17.4 |      22 |       1 |   4.3
        D:7 |     625 |     286 |  31.4 |      13 |       1 |   7.1
            +---------+---------+-------+---------+---------+-------
